[Event "Titled Tuesday Blitz December 06 Late 2022"]
[White "Gutkin, Ilya"]
[Black "Jimenez Almeida, Luis David"]
[WhiteFideId "16203470"]
[BlackFideId "22242244"]
[WhiteElo "2265"]
[BlackElo "2158"]
[Result "0-1"]
[Round "11"]
[TimeControl "180+1"]
[Date "2022.12.07"]
[WhiteClock "0:00:01"]
[BlackClock "0:00:49"]

1. Nf3 g6 2. e4 Bg7 3. d4 c5 4. dxc5 Na6 5. Bxa6 Qa5+ 6. Nbd2 Qxa6 7. Qe2 Qa5 8. Qc4 b6 9. b4 Qa4 10. Rb1 bxc5 11. bxc5 Qxc4 12. Nxc4 Ba6 13. Nfd2 Nf6 14. Bb2 O-O 15. O-O Nxe4 16. Bxg7 Kxg7 17. Nxe4 Bxc4 18. Rfd1 Bxa2 19. Rb7 Be6 20. Ra1 a5 21. Nc3 Rfc8 22. Rb5 d6 23. Rbxa5 Rxa5 24. Rxa5 Rxc5 25. Rxc5 dxc5 26. Ne4 c4 27. c3 Bd5 28. Nd2 f5 29. f3 e5 30. Kf2 Kf6 31. g3 Ke6 32. Ke3 g5 33. Nb1 Kd6 34. Na3 Kc5 35. Nc2 h5 36. Nb4 Bb7 37. f4 exf4+ 38. gxf4 g4 39. Kf2 h4 0-1


[Site "https://www.chess.com"]

[Event "Titled Tuesday Blitz December 06 Late 2022"]
[White "Haszon, David"]
[Black "Guzman Moneo, Alberto"]
[WhiteFideId "733610"]
[BlackFideId "2209616"]
[WhiteElo "2210"]
[BlackElo "2157"]
[Result "0-1"]
[Round "11"]
[TimeControl "180+1"]
[Date "2022.12.07"]
[WhiteClock "0:01:15"]
[BlackClock "0:00:32"]

1. e4 c5 2. c3 e5 3. d4 cxd4 4. cxd4 exd4 5. Nf3 Nc6 6. Bc4 Nf6 7. O-O Nxe4 8. Nxd4 d5 9. Bb5 Bd7 10. Nc3 Nxc3 11. bxc3 Nxd4 12. Bxd7+ Qxd7 13. Qxd4 f6 14. Re1+ Kf7 15. c4 Rd8 16. cxd5 Qxd5 17. Qxa7 Bc5 18. Qa4 Rhe8 19. Ba3 Bxa3 20. Qxa3 Kg8 21. Qb4 h6 22. a4 Kh8 23. g3 Ra8 24. Red1 Qe4 25. Rd4 Qe2 26. Qxb7 Rab8 27. Qd5 Rb2 28. Qf5 Rd2 29. Rxd2 Qxd2 30. a5 Qb2 31. Qb1 Qxb1+ 32. Rxb1 Ra8 33. Ra1 Ra6 34. Kf1 Kg8 35. Ke2 Kf7 36. Kd3 Ke6 37. Kc4 Kd6 38. Kb5 Ra8 39. a6 Kc7 40. a7 Kb7 41. Kc5 Rc8+ 42. Kd6 Ka8 43. Ra2 Re8 44. h4 h5 45. Kd7 Re5 46. Ra3 g5 47. Re3 Rf5 48. hxg5 fxg5 49. f3 h4 50. Ke6 Rf8 51. Kd5 hxg3 52. Ke4 g2 0-1


[Site "https://www.chess.com"]

[Event "Titled Tuesday Blitz December 06 Late 2022"]
[White "Hoffmann, Asa"]
[Black "Calcada, Lucas Galvan"]
[WhiteFideId "2001470"]
[BlackFideId "22746099"]
[WhiteElo "2117"]
[BlackElo "1523"]
[Result "1-0"]
[Round "11"]
[TimeControl "180+1"]
[Date "2022.12.07"]
[WhiteClock "0:02:39"]
[BlackClock "0:01:57"]

1. d4 Nf6 2. Bg5 Ne4 3. Bf4 d5 4. f3 Nf6 5. e4 dxe4 6. Nc3 exf3 7. Nxf3 c6 8. Bc4 e6 9. Qe2 Be7 10. O-O-O O-O 11. Ne5 Nd5 12. Bd2 Bg5 13. Ne4 Bxd2+ 14. Rxd2 a5 15. Rf1 b5 16. Bd3 Nb4 17. Nf6+ gxf6 18. Bxh7+ Kxh7 19. Qh5+ Kg7 20. Rf3 1-0


[Site "https://www.chess.com"]

[Event "Titled Tuesday Blitz December 06 Late 2022"]
[White "Ibarra Jerez, Jose Carlos"]
[Black "Melkumyan, Hrant"]
[WhiteFideId "2226332"]
[BlackFideId "13302485"]
[WhiteElo "2638"]
[BlackElo "2604"]
[Result "0-1"]
[Round "11"]
[TimeControl "180+1"]
[Date "2022.12.06"]
[WhiteClock "0:00:02"]
[BlackClock "0:00:22"]

1. e4 c5 2. Nc3 Nc6 3. Nge2 g6 4. d4 cxd4 5. Nxd4 Bg7 6. Be3 Nf6 7. Bc4 O-O 8. Bb3 d5 9. exd5 Na5 10. Qf3 Bg4 11. Qg3 Nxb3 12. axb3 Bh5 13. d6 exd6 14. h3 Re8 15. O-O Ne4 16. Nxe4 Rxe4 17. c3 Qd7 18. Rfe1 Rae8 19. Nc2 a6 20. f3 R4e7 21. Qf2 Qb5 22. g4 Qxb3 23. Nd4 Qd5 24. gxh5 Qxh5 25. Bf4 Be5 26. Bxe5 dxe5 27. Nc2 Qxh3 28. Ne3 h5 29. Nd5 Re6 30. Nc7 R8e7 31. Nxe6 Rxe6 32. Re3 Qf5 33. Rae1 a5 34. Qg3 f6 35. Re4 g5 36. Kg2 Kg7 37. Qh3 Kg6 38. Qxf5+ Kxf5 39. Rc4 Rd6 40. Re2 h4 41. Rc5 b6 42. Rc4 Rd3 43. Rc6 b5 44. Rb6 Rd5 45. Rc2 a4 46. Ra6 Rd3 47. c4 bxc4 48. Rxa4 h3+ 49. Kxh3 g4+ 50. Kg2 gxf3+ 51. Kf2 e4 52. Rcxc4 Rd2+ 53. Ke1 Re2+ 54. Kf1 Kf4 55. Rc6 f5 56. Ra5 Rxb2 57. Rcc5 Rb1+ 58. Rc1 Rxc1+ 0-1


[Site "https://www.chess.com"]

[Event "Titled Tuesday Blitz December 06 Late 2022"]
[White "Kaganskiy, Gleb"]
[Black "Erzhanov, Arman"]
[WhiteFideId "4132025"]
[BlackFideId "4138821"]
[WhiteElo "2165"]
[BlackElo "2176"]
[Result "0-1"]
[Round "11"]
[TimeControl "180+1"]
[Date "2022.12.07"]
[WhiteClock "0:00:12"]
[BlackClock "0:00:35"]

1. e4 d6 2. d4 Nf6 3. Nc3 e5 4. Nf3 Nbd7 5. Bc4 Be7 6. dxe5 dxe5 7. Bxf7+ Kxf7 8. Ng5+ Kg8 9. Ne6 Qe8 10. Nxc7 Qg6 11. Nxa8 Qxg2 12. Rf1 Nc5 13. Qe2 Bh3 14. Nc7 Qxf1+ 15. Qxf1 Bxf1 16. Kxf1 Ncxe4 17. Nxe4 Nxe4 18. Be3 Kf7 19. Bxa7 Rc8 20. Nd5 Rxc2 21. Re1 Nd2+ 22. Kg2 Bd6 23. Re2 Rxb2 24. a4 Nc4 25. Rxb2 Nxb2 26. a5 Nc4 27. Bb6 Ke6 28. Nc7+ Kd7 29. Nb5 Nxb6 30. axb6 Bb4 31. Kf3 Kc6 32. Na7+ Kxb6 33. Nc8+ Kc7 34. Na7 Kb6 35. Nc8+ Ka6 36. Ke4 b5 37. Kd5 Kb7 38. Nd6+ Bxd6 39. Kxd6 b4 40. Kxe5 b3 41. Ke6 b2 42. Kf7 b1=Q 43. Kxg7 Qg6+ 44. Kh8 Kc7 45. f4 Kd7 46. h4 Ke7 47. f5 Qxf5 48. h5 Kf8 49. h6 Qf6+ 50. Kxh7 Qf7+ 51. Kh8 Ke7 52. h7 Qf8# 0-1


[Site "https://www.chess.com"]

[Event "Titled Tuesday Blitz December 06 Late 2022"]
[White "Kaplan, Avi Harrison"]
[Black "Rodriguez Santiago, Jaime"]
[WhiteFideId "30934559"]
[BlackFideId "3100898"]
[WhiteElo "1983"]
[BlackElo "2025"]
[Result "1-0"]
[Round "11"]
[TimeControl "180+1"]
[Date "2022.12.07"]
[WhiteClock "0:01:12"]
[BlackClock "0:00:18"]

1. d4 Nf6 2. c4 e6 3. Nc3 d5 4. cxd5 Nxd5 5. e4 Nxc3 6. bxc3 c5 7. Nf3 cxd4 8. cxd4 Bb4+ 9. Bd2 Bxd2+ 10. Qxd2 O-O 11. Bd3 Nc6 12. e5 h6 13. h4 Qa5 14. Qxa5 Nxa5 15. Kd2 Rd8 16. Ke3 b6 17. Nd2 Bb7 18. f3 Rac8 19. Ne4 Bxe4 20. fxe4 Rc3 21. Rac1 Ra3 22. Rc7 b5 23. d5 Nc4+ 24. Kd4 Nb2 25. Bxb5 a6 26. Ra7 exd5 27. exd5 Rg3 28. Bxa6 Rxg2 29. Rf1 Rd2+ 30. Kc3 R8xd5 31. Rfxf7 Na4+ 32. Kb3 Nc5+ 33. Ka3 R2d3+ 34. Bxd3 Rxd3+ 35. Kb4 Rg3 36. Kxc5 1-0


[Site "https://www.chess.com"]

[Event "Titled Tuesday Blitz December 06 Late 2022"]
[White "Khandelwal, Ankush"]
[Black "Ferriz Barrios, Andres"]
[WhiteFideId "413470"]
[BlackFideId "5104467"]
[WhiteElo "2271"]
[BlackElo "2269"]
[Result "1-0"]
[Round "11"]
[TimeControl "180+1"]
[Date "2022.12.07"]
[WhiteClock "0:00:19"]
[BlackClock "0:00:49"]

1. e4 e6 2. d4 d5 3. Nc3 dxe4 4. Nxe4 Nd7 5. Bd3 Ngf6 6. Qe2 b6 7. Nxf6+ Nxf6 8. Nf3 Bb7 9. Bg5 Be7 10. O-O-O O-O 11. Kb1 a5 12. h4 a4 13. a3 Re8 14. Ne5 h6 15. f4 Nd5 16. Bb5 Rf8 17. Bd3 f5 18. Nc6 Qd7 19. Nxe7+ Nxe7 20. Bxe7 Qxe7 21. Bc4 Rfe8 22. Rhe1 Kf7 23. d5 Qxh4 24. dxe6+ Kg8 25. Rd7 Rac8 26. Qe5 Qf6 27. Qxf6 gxf6 28. Rh1 Bc6 29. Rxh6 Bxd7 30. exd7+ Kg7 31. dxe8=Q Rxe8 32. Rh1 Re4 33. Bd3 Rxf4 34. Kc1 c5 35. Rh5 Rg4 36. Rxf5 Rxg2 37. Rf4 Kf7 38. Rxa4 Rg1+ 39. Kd2 Rg2+ 40. Kc3 Rg7 41. Ra6 b5 42. Bxb5 Kg6 43. Bd3+ Kg5 44. Rc6 Kf4 45. Rxc5 Ke3 46. a4 Ra7 47. a5 Kf4 48. b4 f5 49. Rxf5+ Ke3 50. Rc5 Kf2 51. a6 Ke1 52. b5 Kd1 53. b6 Re7 54. b7 Kc1 55. b8=Q Re2 56. Qb2+ Kd1 57. Qb1# 1-0


[Site "https://www.chess.com"]

[Event "Titled Tuesday Blitz December 06 Late 2022"]
[White "Kleiman, Jake"]
[Black "Baskakov, Egor"]
[WhiteFideId "2020041"]
[BlackFideId "24197866"]
[WhiteElo "2603"]
[BlackElo "2212"]
[Result "1-0"]
[Round "11"]
[TimeControl "180+1"]
[Date "2022.12.06"]
[WhiteClock "0:00:20"]
[BlackClock "0:00:20"]

1. e4 c5 2. c3 Nf6 3. e5 Nd5 4. Bc4 Nb6 5. Bb3 Nc6 6. Nf3 g6 7. O-O Bg7 8. Qe2 O-O 9. d4 cxd4 10. cxd4 d6 11. h3 Bf5 12. Rd1 Rc8 13. Nc3 Na5 14. Bg5 h6 15. exd6 Qxd6 16. Bxe7 Qd7 17. Bxf8 Rxf8 18. Ne5 Qd8 19. Qb5 Nxb3 20. Qxb3 Qg5 21. Kh1 Be6 22. Qc2 Rd8 23. Qe2 Nd5 24. Nf3 Qh5 25. Nxd5 Bxd5 26. Qe3 Bf6 27. Kg1 Kg7 28. a3 a5 29. Rac1 Rd7 30. Rc5 Re7 31. Qf4 b6 32. Rb5 Bg5 33. Qg4 Qxg4 34. hxg4 Bc4 35. Rxb6 Bf4 36. g3 Bd5 37. gxf4 Bxf3 38. Rc1 Rd7 39. Rc3 Bxg4 40. f3 Bf5 41. Rc4 h5 42. b4 a4 43. b5 h4 44. Rbc6 h3 45. b6 Re7 46. Rc2 Re1+ 47. Kh2 Bxc2 48. Rxc2 Rb1 49. Rc4 Rxb6 50. Rxa4 Rb3 51. Kxh3 Rxf3+ 52. Kg4 Rd3 53. f5 Kf6 54. Ra6+ Kg7 55. Ra4 Kf6 56. fxg6 Kxg6 57. Kf4 f5 58. Ra6+ Kf7 59. Ke5 f4 60. Rf6+ Ke7 61. Rxf4 Re3+ 62. Kd5 Rxa3 63. Rh4 Ra5+ 64. Ke4 Ra1 65. Rh7+ Kd6 66. Rh6+ Ke7 67. Ke5 Re1+ 68. Kd5 Ra1 69. Rh7+ Kd8 70. Ke5 Ra6 71. d5 Rg6 72. Rf7 Rh6 73. Ra7 Rb6 74. Kd4 Rg6 75. Kc5 Rg1 76. Kc6 Rg2 77. Ra8+ Ke7 78. d6+ Kf7 79. d7 Rc2+ 80. Kd6 Rd2+ 81. Kc7 Rc2+ 82. Kd8 Rd2 83. Ra4 Rb2 84. Rc4 Ra2 85. Kc7 Ra7+ 86. Kd6 Ra6+ 87. Rc6 Ra8 88. Rc8 Ra6+ 89. Kc5 Ra5+ 90. Kb6 Rd5 91. d8=Q Rxd8 92. Rxd8 Ke7 93. Kc7 Kf6 94. Rd6+ Ke5 95. Kc6 Kf4 96. Rd5 Ke3 97. Kc5 Kf3 98. Kd6 Kg2 99. Ke6 Kf1 100. Rd4 Kg1 101. Ke5 Kh1 102. Ke4 Kg1 103. Rd3 Kf1 104. Ke3 Kg1 105. Rd2 Kh1 106. Re2 Kg1 107. Kf3 Kh1 108. Rb2 Kg1 109. Rc2 Kh1 110. Kg3 1-0


[Site "https://www.chess.com"]

[Event "Titled Tuesday Blitz December 06 Late 2022"]
[White "Kollars, Dmitrij"]
[Black "Maghsoodloo, Parham"]
[WhiteFideId "12909572"]
[BlackFideId "12539929"]
[WhiteElo "2584"]
[BlackElo "2672"]
[Result "1-0"]
[Round "11"]
[TimeControl "180+1"]
[Date "2022.12.06"]
[WhiteClock "0:00:06"]
[BlackClock "0:00:02"]

1. e4 c5 2. Nf3 Nc6 3. Bb5 e5 4. O-O Bd6 5. c3 a6 6. Ba4 b5 7. Bc2 Nge7 8. a4 b4 9. d3 O-O 10. Be3 f5 11. Nbd2 f4 12. Nc4 Bc7 13. Bxc5 d6 14. Bxb4 Nxb4 15. cxb4 Bg4 16. h3 Bh5 17. d4 exd4 18. Qd3 Nc6 19. Nxd4 Nxb4 20. Qd2 Nxc2 21. Qxc2 Qf6 22. Qd3 Kh8 23. Nf3 a5 24. Rfd1 Rab8 25. Rac1 Rb4 26. b3 h6 27. Nxd6 Bxf3 28. gxf3 Bxd6 29. Qxd6 Qg5+ 30. Kh2 Rf6 31. Qd5 Qh4 32. Rc8+ Kh7 33. Qg8+ Kg6 34. Rg1+ Kh5 35. Rc5+ g5 36. Qe8+ Rg6 37. Rg2 Rxb3 38. Rc6 Qxh3+ 39. Kxh3 Rxf3+ 40. Kh2 Kh4 41. Qxg6 1-0


[Site "https://www.chess.com"]

[Event "Titled Tuesday Blitz December 06 Late 2022"]
[White "Makridis, Dimitrios"]
[Black "Nasuta, Grzegorz"]
[WhiteFideId "25864475"]
[BlackFideId "1141686"]
[WhiteElo "2272"]
[BlackElo "2441"]
[Result "1-0"]
[Round "11"]
[TimeControl "180+1"]
[Date "2022.12.06"]
[WhiteClock "0:01:23"]
[BlackClock "0:00:17"]

1. c4 e5 2. Nc3 Nf6 3. g3 d5 4. cxd5 Nxd5 5. Bg2 Nb6 6. e3 Be7 7. Nge2 h5 8. h4 Bg4 9. Bxb7 c6 10. Bxa8 Nxa8 11. d4 e4 12. Qc2 Bf3 13. Rg1 f5 14. Nf4 Nb6 15. Ng6 Rh6 16. Nxe7 Qxe7 17. Bd2 Na6 18. Na4 Nb4 19. Bxb4 Qxb4+ 20. Nc3 Nc4 21. a3 Qxb2 22. Qxb2 Nxb2 23. Rb1 Nd3+ 24. Kd2 c5 25. Rb8+ Kf7 26. Rgb1 Ra6 27. R1b7+ Kg6 28. Rg8 cxd4 29. Rgxg7+ Kf6 30. Nd5+ Ke6 31. Nc7+ 1-0


[Site "https://www.chess.com"]

[Event "Titled Tuesday Blitz December 06 Late 2022"]
[White "Maksimovic, Bojan"]
[Black "Bok, Benjamin"]
[WhiteFideId "14408120"]
[BlackFideId "1017063"]
[WhiteElo "2462"]
[BlackElo "2658"]
[Result "0-1"]
[Round "11"]
[TimeControl "180+1"]
[Date "2022.12.06"]
[WhiteClock "0:00:52"]
[BlackClock "0:00:33"]

1. d4 Nf6 2. c4 e6 3. Nf3 d5 4. g3 Bb4+ 5. Bd2 Be7 6. Bg2 O-O 7. Qc2 Nbd7 8. O-O c6 9. Rc1 a5 10. Bf4 h6 11. a3 Nh5 12. Bd2 f5 13. Nc3 Bd6 14. b3 Nhf6 15. cxd5 exd5 16. Na4 Ne4 17. Be1 Qe7 18. Rab1 Bxa3 19. Rd1 f4 20. Ne5 Nxe5 21. dxe5 fxg3 22. hxg3 Bf5 23. Qa2 Bb4 24. e3 Bxe1 25. Rxe1 b5 26. Bxe4 Bxe4 27. Nc3 Bxb1 28. Qxb1 Qxe5 29. Ne2 a4 30. bxa4 bxa4 31. Qc2 a3 32. Nd4 Qf6 33. Ra1 c5 34. Nb3 Qb2 0-1


[Site "https://www.chess.com"]

[Event "Titled Tuesday Blitz December 06 Late 2022"]
[White "Manukyan, Sargis A."]
[Black "Oro, Faustino"]
[WhiteFideId "13303970"]
[BlackFideId "20000197"]
[WhiteElo "2187"]
[BlackElo "1984"]
[Result "0-1"]
[Round "11"]
[TimeControl "180+1"]
[Date "2022.12.07"]
[WhiteClock "0:00:18"]
[BlackClock "0:00:11"]

1. Nf3 Nf6 2. g3 d5 3. Bg2 c6 4. O-O Bf5 5. d3 e6 6. b3 Be7 7. Bb2 h6 8. Nbd2 Nbd7 9. Re1 O-O 10. e4 Bh7 11. Qe2 a5 12. a4 Nc5 13. Rad1 Qb6 14. Bd4 Rad8 15. e5 Nfd7 16. Nf1 Qc7 17. h4 b5 18. axb5 cxb5 19. Ra1 a4 20. bxa4 bxa4 21. g4 Ra8 22. Ng3 f6 23. exf6 Bxf6 24. Bxf6 Rxf6 25. g5 Rf4 26. gxh6 gxh6 27. Nh5 Rf7 28. Nd4 Bf5 29. Nxf5 Rxf5 30. Ng3 Rf7 31. d4 Ne4 32. Bxe4 dxe4 33. Qxe4 Raf8 34. Qg6+ Rg7 35. Qxe6+ Kh7 36. Qe4+ Kh8 37. Re3 Nf6 38. Qe5 Qxc2 39. Re2 Qc3 40. Rae1 Ng4 41. Qc5 Qf3 42. Qh5 Qf4 43. Kg2 Nxf2 44. Re3 Ng4 45. Rd3 Qf2+ 46. Kh1 Qxe1+ 47. Kg2 Rf2+ 48. Kh3 Qe6 49. Re3 Rh2# 0-1


[Site "https://www.chess.com"]

[Event "Titled Tuesday Blitz December 06 Late 2022"]
[White "Martinez Alcantara, Jose Eduardo"]
[Black "Andreikin, Dmitry"]
[WhiteFideId "3805662"]
[BlackFideId "4158814"]
[WhiteElo "2707"]
[BlackElo "2735"]
[Result "1/2-1/2"]
[Round "11"]
[TimeControl "180+1"]
[Date "2022.12.06"]
[WhiteClock "0:00:32"]
[BlackClock "0:00:04"]

1. e4 c5 2. Nf3 e6 3. c3 Nf6 4. Bd3 Nc6 5. Bc2 e5 6. d3 d6 7. Bg5 Be7 8. Nbd2 O-O 9. Bxf6 Bxf6 10. Bb3 Be6 11. Nc4 Ne7 12. Ne3 d5 13. Qe2 Qd7 14. O-O Rad8 15. Rad1 Rfe8 16. Rfe1 b5 17. exd5 Nxd5 18. Nxd5 Bxd5 19. Bxd5 Qxd5 20. a3 Qb3 21. Rb1 h6 22. Nd2 Qd5 23. Ne4 Be7 24. Rbd1 Qb3 25. Rb1 a5 26. Ng3 Bf8 27. h4 b4 28. axb4 cxb4 29. Ne4 a4 30. Qf3 Qc2 31. cxb4 Qxd3 32. Qg4 Kh8 33. Red1 Qb3 34. Nc5 Rxd1+ 35. Qxd1 Qxb4 36. Qxa4 Rb8 37. Qxb4 Rxb4 38. Nd3 Rb5 39. Re1 Bd6 40. g4 g6 41. Re2 f5 42. gxf5 gxf5 43. Rc2 e4 44. Nc1 Be5 45. Ne2 Rxb2 46. Rxb2 Bxb2 47. Ng3 Kg7 48. Nxf5+ Kg6 49. Ng3 Be5 50. Nxe4 Kh5 51. Ng3+ Kxh4 52. Nf5+ Kg5 53. Nxh6 Kxh6 54. f4 Bxf4 1/2-1/2


[Site "https://www.chess.com"]

[Event "Titled Tuesday Blitz December 06 Late 2022"]
[White "Moral Garcia, Serafin"]
[Black "Marchesich, Giovanni"]
[WhiteFideId "2201925"]
[BlackFideId "2824790"]
[WhiteElo "2259"]
[BlackElo "2200"]
[Result "1-0"]
[Round "11"]
[TimeControl "180+1"]
[Date "2022.12.07"]
[WhiteClock "0:00:50"]
[BlackClock "0:01:34"]

1. c4 Nf6 2. Nc3 d6 3. g3 e5 4. Bg2 Be7 5. d3 O-O 6. e3 Nbd7 7. Nf3 c6 8. O-O d5 9. b4 e4 10. dxe4 Nxe4 11. Nxe4 dxe4 12. Nd2 f5 13. c5 Bf6 14. Rb1 Ne5 15. Qb3+ Kh8 16. Bb2 Qe7 17. Bxe5 Bxe5 18. Rfd1 Be6 19. Qc2 Rad8 20. Bf1 g5 21. Bc4 Bd5 22. Bxd5 cxd5 23. Nb3 f4 24. Nd4 Bxd4 25. Rxd4 Qe6 26. Rbd1 Qh3 27. Qe2 Qe6 28. b5 f3 29. Qf1 g4 30. h4 gxh3 31. Kh2 Rf6 32. Qe1 h5 33. Qc3 Kh7 34. Rxe4 dxe4 35. Rxd8 Qxa2 36. Qxf6 Qxf2+ 37. Kxh3 Qg2+ 38. Kh4 Qh2+ 39. Kg5 Qxg3+ 40. Kxh5 Qh3+ 41. Kg5 Qg3+ 42. Kf5 Qh3+ 43. Kxe4 Qg4+ 44. Kd5 Qh5+ 45. Kd6 1-0


[Site "https://www.chess.com"]

[Event "Titled Tuesday Blitz December 06 Late 2022"]
[White "Osmonbekov, Talaibek"]
[Black "Jaskolka, Tomasz"]
[WhiteFideId "2017253"]
[BlackFideId "1170791"]
[WhiteElo "2135"]
[BlackElo "2126"]
[Result "0-1"]
[Round "11"]
[TimeControl "180+1"]
[Date "2022.12.07"]
[WhiteClock "0:00:10"]
[BlackClock "0:00:21"]

1. d4 e6 2. Bf4 c5 3. e3 Nc6 4. Nc3 b6 5. Nb5 d6 6. dxc5 bxc5 7. Bxd6 Bxd6 8. Qxd6 Qxd6 9. Nxd6+ Ke7 10. O-O-O Nf6 11. Bb5 Bd7 12. Nf3 Rab8 13. Bxc6 Bxc6 14. Ne5 Bd5 15. c4 Kxd6 16. Nxf7+ Ke7 17. Nxh8 Bxc4 18. b3 Bd5 19. Ng6+ hxg6 20. f3 Bc6 21. Rd2 a5 22. Rc2 Nd5 23. Rxc5 Nb4 24. Kb1 Bb5 25. Rd1 Bd3+ 26. Kb2 Be2 27. Rc7+ Kf6 28. Rd2 Bf1 29. e4 Nd3+ 30. Ka3 a4 31. bxa4 Ne5 32. Rdc2 Bd3 33. Rb2 Nc4+ 34. Rxc4 Rxb2 35. Kxb2 Bxc4 36. Kc3 Bf1 37. a5 Ke5 38. g3 g5 39. Kd2 g4 40. Ke3 gxf3 41. Kxf3 Bd3 42. Kg4 Bxe4 43. Kg5 Kd4 44. a6 e5 45. h4 Ba8 46. h5 e4 47. h6 gxh6+ 48. Kxh6 e3 49. g4 e2 50. g5 e1=Q 51. g6 Qh4+ 52. Kg7 Qe7+ 53. Kh8 Ke5 54. g7 Qh4+ 55. Kg8 Bd5+ 56. Kf8 Qd8# 0-1


[Site "https://www.chess.com"]

[Event "Titled Tuesday Blitz December 06 Late 2022"]
[White "Pakleza, Zbigniew"]
[Black "Alex_Sahakyan2006"]
[WhiteFideId "1119290"]
[WhiteElo "2410"]
[BlackElo "2685"]
[Result "1-0"]
[Round "11"]
[TimeControl "180+1"]
[Date "2022.12.06"]
[WhiteClock "0:00:06"]
[BlackClock "0:00:02"]

1. d4 g6 2. Nf3 Bg7 3. Bf4 c5 4. c3 Qb6 5. Qb3 d6 6. e3 Be6 7. Qxb6 axb6 8. a3 Nf6 9. Nbd2 O-O 10. h3 Bd5 11. Be2 Bc6 12. O-O Nbd7 13. Rfe1 Ne4 14. Nxe4 Bxe4 15. Bg3 Bc6 16. Bf1 Nf6 17. Rad1 Ne4 18. Bh4 Rfe8 19. Nd2 Nxd2 20. Rxd2 h6 21. e4 g5 22. Bg3 e5 23. dxc5 dxc5 24. Bc4 Rad8 25. Bd5 Bxd5 26. exd5 f5 27. f3 c4 28. a4 Rd6 29. Bf2 Ra8 30. Ra1 Ra5 31. g4 Raxd5 32. Rxd5 Rxd5 33. Bxb6 Rd2 34. Rb1 e4 35. fxe4 fxe4 36. a5 Be5 37. b3 Bf4 38. bxc4 e3 39. Bd4 e2 40. Re1 Ra2 41. Kf2 Rxa5 42. Rxe2 Ra1 43. Rb2 Rh1 44. Rxb7 Rxh3 45. c5 Kf8 46. c6 Ke8 47. Rh7 Rh4 48. Kf3 Rh3+ 49. Ke4 Rg3 50. Kf5 Kd8 51. Bb6+ Ke8 52. Ke6 Kf8 53. Bd4 Rxg4 54. Rh8# 1-0


[Site "https://www.chess.com"]

[Event "Titled Tuesday Blitz December 06 Late 2022"]
[White "Papayan, Oleg"]
[Black "Kovacevic, Radmila"]
[WhiteFideId "4193911"]
[BlackFideId "933171"]
[WhiteElo "2153"]
[BlackElo "2244"]
[Result "1-0"]
[Round "11"]
[TimeControl "180+1"]
[Date "2022.12.07"]
[WhiteClock "0:00:16"]
[BlackClock "0:00:06"]

1. e4 e5 2. Nf3 f5 3. Nxe5 Qf6 4. d4 d6 5. Nc4 fxe4 6. Nc3 Qg6 7. Nd5 Na6 8. Nce3 Qf7 9. Bxa6 bxa6 10. c4 c6 11. Nc3 Nf6 12. d5 c5 13. O-O Be7 14. Qa4+ Bd7 15. Qxa6 O-O 16. Nb5 Rfb8 17. Nxd6 Qg6 18. Nb5 Rb6 19. Qa3 Nh5 20. d6 Bxd6 21. Nd5 Bh3 22. Qxh3 Rxb5 23. cxb5 Rf8 24. Be3 Rf3 25. Qc8+ Rf8 26. Qd7 Kh8 27. Rad1 Bb8 28. f4 exf3 29. Rxf3 Nf6 30. Qf5 Qe8 31. Nxf6 gxf6 32. Qxc5 Rg8 33. Qf5 Be5 34. Bf4 Qxb5 35. Bxe5 fxe5 36. Qf6+ Rg7 37. Rd8+ Qe8 38. Rxe8# 1-0


[Site "https://www.chess.com"]

[Event "Titled Tuesday Blitz December 06 Late 2022"]
[White "Paravyan, David"]
[Black "Pultinevicius, Paulius"]
[WhiteFideId "4194985"]
[BlackFideId "12809390"]
[WhiteElo "2551"]
[BlackElo "2486"]
[Result "1-0"]
[Round "11"]
[TimeControl "180+1"]
[Date "2022.12.06"]
[WhiteClock "0:00:17"]
[BlackClock "0:00:30"]

1. e4 c5 2. Nf3 e6 3. d4 cxd4 4. Nxd4 a6 5. c3 d5 6. exd5 Qxd5 7. Nd2 Nf6 8. Nc4 Bc5 9. Ne3 Qd8 10. g3 e5 11. Nb3 Qxd1+ 12. Nxd1 Ba7 13. Bg2 Nc6 14. Be3 Bb8 15. Bc5 Bc7 16. Ne3 Be6 17. O-O-O Rd8 18. Ba3 Bb6 19. Nc5 Bc8 20. Nc4 Bc7 21. Nxa6 bxa6 22. Bxc6+ Bd7 23. Bb7 Rb8 24. Bxa6 Ne4 25. Rhe1 Nxf2 26. Rd2 Ng4 27. h3 Nf6 28. Nxe5 Be6 29. Bc4 Rb6 30. Rde2 h5 31. Bc5 Rb7 32. Nxf7 Kxf7 33. Rxe6 Kg6 34. Bd3+ Kf7 35. Re7+ Kg8 36. Bg6 Nh7 37. Re8+ Nf8 38. Rxf8# 1-0


[Site "https://www.chess.com"]

[Event "Titled Tuesday Blitz December 06 Late 2022"]
[White "Petrovic, Aleksa"]
[Black "Sargsyan, Anna M."]
[WhiteFideId "967629"]
[BlackFideId "13308130"]
[WhiteElo "2230"]
[BlackElo "2284"]
[Result "0-1"]
[Round "11"]
[TimeControl "180+1"]
[Date "2022.12.07"]
[WhiteClock "0:00:19"]
[BlackClock "0:00:12"]

1. d4 d5 2. c4 c6 3. Nf3 Nf6 4. Nc3 dxc4 5. e4 e6 6. Bxc4 Bb4 7. O-O O-O 8. e5 Nd5 9. Bd3 h6 10. Qe2 Bxc3 11. bxc3 Nxc3 12. Qe1 Nd5 13. Bxh6 gxh6 14. Qe4 Re8 15. Qh7+ Kf8 16. Qxh6+ Ke7 17. Nd2 Rh8 18. Qg5+ Kd7 19. Qxd8+ Kxd8 20. f4 b6 21. Ne4 Ba6 22. Bxa6 Nxa6 23. Nd6 Ke7 24. f5 Rhf8 25. Rf3 c5 26. Raf1 f6 27. fxe6 fxe5 28. Rf7+ Rxf7 29. exf7 exd4 30. g4 Ne3 31. Rf4 Kxd6 32. g5 Nc7 33. f8=Q+ Rxf8 34. Rxf8 Ne6 35. Rf2 Nxg5 36. h4 Nh3+ 0-1


[Site "https://www.chess.com"]

[Event "Titled Tuesday Blitz December 06 Late 2022"]
[White "Pinheiro, Iung Alicio de O."]
[Black "Szyszylo, Rafal"]
[WhiteFideId "2104350"]
[BlackFideId "1109626"]
[WhiteElo "2283"]
[BlackElo "1981"]
[Result "1-0"]
[Round "11"]
[TimeControl "180+1"]
[Date "2022.12.07"]
[WhiteClock "0:00:23"]
[BlackClock "0:00:13"]

1. e4 d6 2. d4 Nf6 3. Nc3 g6 4. Be3 c6 5. Qd2 b5 6. Bd3 Qa5 7. Bh6 b4 8. Nce2 Bxh6 9. Qxh6 b3+ 10. c3 bxa2 11. Nf3 Ba6 12. Qd2 Bxd3 13. Qxd3 O-O 14. O-O Nbd7 15. b4 Qb5 16. c4 Qxb4 17. Rxa2 Rfb8 18. Nc3 Qb7 19. e5 Nh5 20. Qe3 dxe5 21. dxe5 Nf8 22. g4 Ng7 23. Rfa1 a6 24. Ne4 Nge6 25. Kg2 Nd7 26. Qh6 Ndf8 27. Ra3 c5 28. Nc3 Nd4 29. Nd5 Re8 30. Ng5 Qc6 31. Nxh7 Nxh7 32. Rh3 e6 33. Qxh7+ Kf8 34. Qh8# 1-0


[Site "https://www.chess.com"]

[Event "Titled Tuesday Blitz December 06 Late 2022"]
[White "Polster, Christian"]
[Black "Adewumi, Tanitoluwa"]
[WhiteFideId "12965081"]
[BlackFideId "30966396"]
[WhiteElo "2195"]
[BlackElo "2496"]
[Result "1-0"]
[Round "11"]
[TimeControl "180+1"]
[Date "2022.12.07"]
[WhiteClock "0:00:07"]
[BlackClock "0:00:02"]

1. e4 c5 2. Nc3 Nc6 3. Nge2 e6 4. g3 Nf6 5. Bg2 d5 6. exd5 exd5 7. d4 cxd4 8. Nxd4 Bc5 9. Nb3 Bb6 10. O-O Be6 11. Bg5 O-O 12. Na4 h6 13. Nxb6 axb6 14. Bf4 Ne4 15. c3 b5 16. a3 Qf6 17. Be3 Rfc8 18. Nd4 Ne5 19. Nxb5 Nc4 20. Bd4 Qg6 21. b3 Na5 22. a4 Bf5 23. Re1 Be6 24. f3 Nf6 25. Bf1 Nd7 26. Nd6 Qh5 27. Nxc8 Rxc8 28. Bg2 Rc6 29. b4 Nc4 30. a5 Rc8 31. a6 bxa6 32. Rxa6 Qf5 33. Qb1 Qg5 34. Qc1 Qf5 35. b5 Nc5 36. Ra7 Nd3 37. Qd1 Ncb2 38. Qb1 Nxe1 39. Qxe1 Qc2 40. Qf2 Qd1+ 41. Bf1 Nd3 42. Qe2 Qxe2 43. Bxe2 Nc1 44. Bf1 Nb3 45. b6 Nxd4 46. cxd4 Kh7 47. b7 Rb8 48. Ba6 Rd8 49. Ra8 Rd6 50. b8=Q Rc6 51. Qb7 Rc1+ 52. Kf2 Rh1 53. Bf1 Rxh2+ 54. Kg1 Rd2 55. Qc6 Rxd4 56. Qc2+ f5 57. Ra7 1-0


[Site "https://www.chess.com"]